Canadiens vs Golden Knights

Created - 17 février 2018 at 15:55

Goals
1 2 3 T
Canadiens 0 3 1 4
Golden Knights 1 1 1 3
Shots
1 2 3 T
Canadiens 8 8 16 32
Golden Knights 11 4 15 30

1st period

1. Golden Knights , Mattias Ritola 6 (Joffrey Lupul 23, Matt Carle 26) at 13:02

Penalties :
Mattias Ritola (GOL) for Elbowing (Minor) at 14:58

2nd period

2. Canadiens , Darren Helm 19 (Jiri Tlusty 26, Pascal Dupuis 26) at 1:50 (PP)
3. Canadiens , Tomas Surovy 15 (Alexander Radulov 17) at 3:09 (PP)
4. Canadiens , Ryan Malone 5 (Robbie Earl 14, Mark Stuart 20) at 3:45
5. Golden Knights , Guillaume Desbiens 11 (Niklas Hagman 24) at 15:52

Penalties :
Guillaume Desbiens (GOL) for High sticking (Minor) at 0:37, Josh Gorges (GOL) for Goalie Interference (Minor) at 1:57, Guillaume Desbiens (GOL) for Hooking (Minor) at 4:02, Josh Gorges (GOL) for Roughing (Minor) at 17:44

3rd period

6. Canadiens , Tomas Surovy 16 (T.J. Galiardi 22, Joel Ward 20) at 0:24
7. Golden Knights , Josh Gorges 4 (Guillaume Desbiens 10, Matt Carle 27) at 4:28

Penalties :
Ben Lovejoy (MTL) for Holding (Minor) at 6:33, Jiri Tlusty (MTL) for Holding (Minor) at 10:16

Goalie Stats

Carey Price (MTL), 27 saves from 30 shots - (0,900), W, 26-23-3, 60:00 minutes
Brian Eklund (GOL), 28 saves from 32 shots - (0,875), L, 16-24-9, 60:00 minutes

Players Stats for Canadiens

Player Name              G  A  P  +/- PIM S  H  SB GA TA FO     MP     PP MP  PK MP  
------------------------------------------------------------------------------------
Alexander Radulov        0  1  1   0  0   3  0  0  0  0  1/1    17:00   3:31   2:11 
Andrej Meszaros          0  0  0  -2  0   0  1  2  0  0  0/0    23:18   4:56   2:10 
Andy Hilbert             0  0  0   1  0   0  0  1  0  0  0/5     8:32   0:00   1:47 
Ben Lovejoy              0  0  0   0  2   1  5  3  0  0  0/0    20:23   3:26   0:41 
Carl Gunnarsson          0  0  0  -2  0   1  0  3  0  0  0/0    20:42   4:56   0:00 
Connor McDavid           0  0  0  -2  0   0  0  0  0  0  9/21   19:14   3:31   0:00 
Darren Helm              1  0  1  -2  0   2  0  0  0  0  0/0    21:00   4:51   0:00 
Jiri Tlusty              0  1  1   0  2   5  0  0  0  0  13/20  16:08   4:51   0:00 
Joel Ward                0  1  1   0  0   3  0  1  0  0  0/1    13:54   0:00   0:00 
Jonathan Ericsson        0  0  0   0  0   1  1  2  0  0  0/0    18:19   0:00   2:02 
Mark Borowiecki          0  0  0   1  0   0  1  1  0  0  0/0    16:18   0:00   1:07 
Mark Stuart              0  1  1   1  0   2  0  1  0  0  0/0    20:59   3:26   1:56 
Pascal Dupuis            0  1  1  -2  0   1  4  1  0  0  0/0    20:34   4:51   0:00 
Rene Bourque             0  0  0   0  0   1  5  0  0  0  1/3    13:05   0:00   1:47 
Robbie Earl              0  1  1   1  0   3  2  0  0  0  0/0     6:19   0:00   0:00 
Ryan Malone              1  0  1   1  0   1  3  0  0  0  4/9     6:19   0:00   0:00 
T.J. Galiardi            0  1  1   0  0   6  0  0  0  0  14/25  16:31   0:00   2:11 
Tomas Surovy             2  0  2   0  0   2  7  0  0  0  0/2    17:25   3:31   0:00 

Players Stats for Golden Knights

Player Name              G  A  P  +/- PIM S  H  SB GA TA FO     MP     PP MP  PK MP  
------------------------------------------------------------------------------------
Barret Jackman           0  0  0   0  0   2  2  3  0  0  0/0    22:56   1:49   4:51 
David Perron             0  0  0   0  0   0  0  1  0  0  0/0     7:08   0:00   5:32 
Guillaume Desbiens       1  1  2   1  4   4  5  1  0  0  0/0    18:14   1:48   0:00 
Jay Harrison             0  0  0   0  0   0  3  2  0  0  0/0    19:54   1:28   2:10 
Joffrey Lupul            0  1  1   0  0   5  1  0  0  0  1/2    17:54   2:10   0:00 
Josh Gorges              1  0  1   1  4   5  1  3  0  0  0/0    24:06   2:09   2:41 
Kyle Beach               0  0  0   0  0   2  0  0  0  0  1/1    13:52   0:00   0:00 
Linus Omark              0  0  0   0  0   0  0  0  0  0  0/1     1:36   0:00   0:00 
Matt Carle               0  2  2   1  0   0  0  1  0  0  0/0    25:19   2:30   3:31 
Matt Ellison             0  0  0   1  0   1  0  0  0  0  15/31  18:16   1:48   0:00 
Matt Greene              0  0  0   0  0   0  2  1  0  0  0/0    12:06   0:00   0:00 
Mattias Ritola           1  0  1   0  2   1  8  0  0  0  1/3    17:53   2:10   0:00 
Mike Weaver              0  0  0   0  0   0  0  1  0  0  0/0    15:37   0:00   3:31 
Niklas Hagman            0  1  1   1  0   4  0  0  0  0  0/1    20:55   1:48   2:39 
Ryan Russell             0  0  0   0  0   1  0  0  0  0  14/24  19:24   0:00   5:32 
Tomas Tatar              0  0  0   0  0   0  0  0  0  0  1/1     1:47   0:00   0:11 
Viktor Tikhonov          0  0  0   0  0   2  2  0  0  0  0/3    16:31   0:00   2:39 
Ville Leino              0  0  0   0  0   3  0  0  0  0  12/20  18:05   2:10   0:11 

3 Stars

1 - Tomas Surovy (MTL)
2 - Ryan Malone (MTL)
3 - Guillaume Desbiens (GOL)

Power Play

Canadiens - 2 on 5 Attempt(s) - 40,00%
Golden Knights - 0 on 2 Attempt(s) - 0,00%

Penalty Kill

Canadiens - 2 on 2 Attempt(s) - 100,00% - Score 0 goal in Penalty Kill
Golden Knights - 3 on 5 Attempt(s) - 60,00% - Score 0 goal in Penalty Kill

Team Stat

Canadiens - Hits : 29 - Faceoff Wins : 42 - Blocked Shots : 15 - Penalty Minutes : 4
Golden Knights - Hits : 24 - Faceoff Wins : 45 - Blocked Shots : 13 - Penalty Minutes : 10

Official

Referees : Pierre Lambert and Chris Lee
Linesman : Randy Sappo and Anthony Giorgio

Game Notes

No Game Note

Finance

Level 1 -- Attendance: 6000 (100,00%) -- Ticket Income 558 000 $
Level 2 -- Attendance: 4821 (96,42%) -- Ticket Income 327 828 $
Level 3 -- Attendance: 2000 (100,00%) -- Ticket Income 82 000 $
Level 4 -- Attendance: 4000 (100,00%) -- Ticket Income 96 000 $
Luxury Box -- Attendance: 963 (96,30%) -- Ticket Income 337 050 $
Total Attendance: 17784 (98,80%)
Total Ticket Income: 1 400 878 $
Other Income: 686 430 $
Total Income: 2 087 308 $

Canadiens

5 vs 5 Forward 
   Center                   Left Wing                Right Wing               Time % Phy DF OF 
 1 Connor McDavid           Pascal Dupuis            Darren Helm              35     0   2  3  
 2 T.J. Galiardi            Joel Ward                Tomas Surovy             32     0   3  2  
 3 Jiri Tlusty              Rene Bourque             Alexander Radulov        27     0   3  2  
 4 Ryan Malone              Robbie Earl              Andy Hilbert             6      0   3  2  

5 vs 5 Defense 
   Defense                  Defense                                           Time % Phy DF OF 
 1 Andrej Meszaros          Carl Gunnarsson                                   33     0   3  2  
 2 Ben Lovejoy              Jonathan Ericsson                                 33     0   3  2  
 3 Mark Stuart              Mark Borowiecki                                   33     0   3  2  
 4 Andrej Meszaros          Carl Gunnarsson                                   1      0   1  4  

PowerPlay Forward 
   Center                   Left Wing                Right Wing               Time % Phy DF OF 
 1 Connor McDavid           Alexander Radulov        Tomas Surovy             55     1   1  3  
 2 Jiri Tlusty              Pascal Dupuis            Darren Helm              45     1   1  3  

PowerPlay Defense
   Defense                  Defense                                           Time % Phy DF OF 
 1 Andrej Meszaros          Carl Gunnarsson                                   55     1   2  2  
 2 Ben Lovejoy              Mark Stuart                                       45     1   2  2  

Penalty Kill 4 Players Forward 
   Center                   Wing                     Time % Phy DF OF 
 1 T.J. Galiardi            Alexander Radulov        55     0   3  2  
 2 Andy Hilbert             Rene Bourque             45     0   3  2  

Penalty Kill 4 Players Defense
   Defense                  Defense                  Time % Phy DF OF 
 1 Andrej Meszaros          Mark Stuart              55     1   3  1  
 2 Ben Lovejoy              Jonathan Ericsson        45     1   3  1  

Penalty Kill - 3 Players Forward 
   Forward                                           Time % Phy DF OF 
 1 T.J. Galiardi                                     54     1   4  0  
 2 Connor McDavid                                    46     1   4  0  

Penalty Kill - 3 Players Defense
   Defense                  Defense                  Time % Phy DF OF 
 1 Andrej Meszaros          Mark Stuart              54     1   4  0  
 2 Ben Lovejoy              Jonathan Ericsson        46     1   4  0  

4 vs 4 Forward 
   Center                   Wing                     Time % Phy DF OF 
 1 Darren Helm              T.J. Galiardi            55     1   1  3  
 2 Connor McDavid           Alexander Radulov        45     1   1  3  

4 vs 4 Defense
   Defense                  Defense                  Time % Phy DF OF 
 1 Andrej Meszaros          Mark Stuart              55     1   2  2  
 2 Ben Lovejoy              Jonathan Ericsson        45     1   2  2  

Last Minutes Offensive
   Center                   Left Wing                Right Wing               Defense                  Defense                  
   Connor McDavid           Alexander Radulov        T.J. Galiardi            Andrej Meszaros          Carl Gunnarsson          

Last Minutes Defensive
   Center                   Left Wing                Right Wing               Defense                  Defense                  
   T.J. Galiardi            Rene Bourque             Andy Hilbert             Mark Stuart              Andrej Meszaros          

Goaltenders
Starting : Carey Price              
Backup : Louis Domingue           

Extra Forwards
Normal : Jiri Tlusty, Darren Helm, Connor McDavid - PP : Alexander Radulov, Robbie Earl - PK : T.J. Galiardi
Extra Defensemen
Normal : Jonathan Ericsson, Mark Borowiecki, Ben Lovejoy - PP : Carl Gunnarsson - PK : Mark Borowiecki, Ben Lovejoy
Penalty Shots
Robbie Earl, Alexander Radulov, Connor McDavid, Pascal Dupuis, Darren Helm
Custom OT Lines Forwards
Darren Helm, T.J. Galiardi, Connor McDavid, Alexander Radulov, Tomas Surovy, Pascal Dupuis, Joel Ward, Robbie Earl, Ryan Malone, Andy Hilbert
Custom OT Lines Defensemen
Andrej Meszaros, Mark Stuart, Ben Lovejoy, Jonathan Ericsson, Mark Borowiecki

Scratches
None

Golden Knights

5 vs 5 Forward 
   Center                   Left Wing                Right Wing               Time % Phy DF OF 
 1 Ville Leino              Mattias Ritola           Joffrey Lupul            35     0   3  2  
 2 Matt Ellison             Niklas Hagman            Guillaume Desbiens       35     0   3  2  
 3 Ryan Russell             Viktor Tikhonov          Kyle Beach               30     0   3  2  
 4 Tomas Tatar              David Perron             Linus Omark              0      0   3  2  

5 vs 5 Defense 
   Defense                  Defense                                           Time % Phy DF OF 
 1 Matt Carle               Josh Gorges                                       32     1   3  1  
 2 Jay Harrison             Barret Jackman                                    32     1   3  1  
 3 Mike Weaver              Matt Greene                                       20     1   4  0  
 4 Matt Carle               Josh Gorges                                       16     1   4  0  

PowerPlay Forward 
   Center                   Left Wing                Right Wing               Time % Phy DF OF 
 1 Ville Leino              Mattias Ritola           Joffrey Lupul            60     0   0  5  
 2 Matt Ellison             Niklas Hagman            Guillaume Desbiens       40     0   0  5  

PowerPlay Defense
   Defense                  Defense                                           Time % Phy DF OF 
 1 Barret Jackman           Matt Carle                                        60     0   1  4  
 2 Josh Gorges              Jay Harrison                                      40     0   1  4  

Penalty Kill 4 Players Forward 
   Center                   Wing                     Time % Phy DF OF 
 1 Ryan Russell             David Perron             60     0   5  0  
 2 Viktor Tikhonov          Niklas Hagman            40     0   5  0  

Penalty Kill 4 Players Defense
   Defense                  Defense                  Time % Phy DF OF 
 1 Josh Gorges              Barret Jackman           60     1   4  0  
 2 Matt Carle               Mike Weaver              40     1   4  0  

Penalty Kill - 3 Players Forward 
   Forward                                           Time % Phy DF OF 
 1 Ryan Russell                                      60     0   5  0  
 2 Viktor Tikhonov                                   40     0   5  0  

Penalty Kill - 3 Players Defense
   Defense                  Defense                  Time % Phy DF OF 
 1 Josh Gorges              Barret Jackman           60     1   4  0  
 2 Matt Carle               Mike Weaver              40     1   4  0  

4 vs 4 Forward 
   Center                   Wing                     Time % Phy DF OF 
 1 Ville Leino              Joffrey Lupul            60     0   3  2  
 2 Matt Ellison             Guillaume Desbiens       40     0   3  2  

4 vs 4 Defense
   Defense                  Defense                  Time % Phy DF OF 
 1 Matt Carle               Josh Gorges              60     1   3  1  
 2 Jay Harrison             Barret Jackman           40     1   3  1  

Last Minutes Offensive
   Center                   Left Wing                Right Wing               Defense                  Defense                  
   Ville Leino              Mattias Ritola           Joffrey Lupul            Barret Jackman           Matt Carle               

Last Minutes Defensive
   Center                   Left Wing                Right Wing               Defense                  Defense                  
   Ryan Russell             Viktor Tikhonov          Niklas Hagman            Josh Gorges              Jay Harrison             

Goaltenders
Starting : Brian Eklund             
Backup : Thomas McCollum          

Extra Forwards
Normal : Ryan Russell, David Perron, Joffrey Lupul - PP : Ryan Russell, David Perron - PK : Ville Leino
Extra Defensemen
Normal : Jay Harrison, Josh Gorges, Barret Jackman - PP : Josh Gorges - PK : Barret Jackman, Josh Gorges
Penalty Shots
Niklas Hagman, Joffrey Lupul, David Perron, Ville Leino, Kyle Beach
Custom OT Lines Forwards
Ville Leino, Niklas Hagman, Joffrey Lupul, Kyle Beach, Ryan Russell, David Perron, Guillaume Desbiens, Viktor Tikhonov, Matt Ellison, Mattias Ritola
Custom OT Lines Defensemen
Matt Carle, Josh Gorges, Jay Harrison, Mike Weaver, Barret Jackman

Scratches
Curtis McKenzie (Healthy), Josef Boumedienne (Healthy), Dennis Everberg (Healthy), Byron Froese (Healthy)

% Time on Ice - Canadiens

Lines # - Real PCT - Wanted PCT - Time Play
Normal Forward
1 - 33% - 35% - 15:43
2 - 29% - 32% - 13:54
3 - 24% - 27% - 11:18
4 - 13% - 6% - 6:19
Normal Defense
1 - 32% - 33% - 15:02
2 - 34% - 33% - 16:17
3 - 32% - 33% - 15:11
4 - 2% - 1% - 0:44
PP Forward
1 - 42% - 55% - 3:31
2 - 58% - 45% - 4:51
PP Defense
1 - 59% - 55% - 4:56
2 - 41% - 45% - 3:26
PK Forward
1 - 55% - 55% - 2:11
2 - 45% - 45% - 1:47
PK Defense
1 - 49% - 55% - 1:56
2 - 51% - 45% - 2:02
PK3 Forward
1 - 0% - 54%
2 - 0% - 46%
PK3 Defense
1 - 0% - 54%
2 - 0% - 46%
44 Forward
1 - 0% - 55%
2 - 0% - 45%
44 Defense
1 - 0% - 55%
2 - 0% - 45%
Last Minute Offensive  - 0:00
Last Minute Defensive  - 0:26
Total
Forward - 60:00
Defense - 60:00

% Time on Ice - Golden Knights

Lines # - Real PCT - Wanted PCT - Time Play
Normal Forward
1 - 33% - 35% - 15:44
2 - 35% - 35% - 16:28
3 - 29% - 30% - 13:52
4 - 3% - 0% - 1:36
Normal Defense
1 - 28% - 32% - 13:27
2 - 34% - 32% - 16:16
3 - 25% - 20% - 12:06
4 - 12% - 16% - 5:51
PP Forward
1 - 55% - 60% - 2:10
2 - 45% - 40% - 1:48
PP Defense
1 - 63% - 60% - 2:30
2 - 37% - 40% - 1:28
PK Forward
1 - 68% - 60% - 5:43
2 - 32% - 40% - 2:39
PK Defense
1 - 58% - 60% - 4:51
2 - 42% - 40% - 3:31
PK3 Forward
1 - 0% - 60%
2 - 0% - 40%
PK3 Defense
1 - 0% - 60%
2 - 0% - 40%
44 Forward
1 - 0% - 60%
2 - 0% - 40%
44 Defense
1 - 0% - 60%
2 - 0% - 40%
Last Minute Offensive  - 0:00
Last Minute Defensive  - 0:00
Total
Forward - 60:00
Defense - 60:00

Play by Play

1st period


0:01 of 1st period - Connor McDavid wins face-off versus Ville Leino in neutral zone.
0:36 of 1st period - Carl Gunnarsson is hit by Mattias Ritola and loses puck.
0:45 of 1st period - Shot by Mattias Ritola.
0:45 of 1st period - Shot Blocked by Carl Gunnarsson.
1:12 of 1st period - Niklas Hagman is hit by Jonathan Ericsson and loses puck.
1:29 of 1st period - Shot by Niklas Hagman.
1:29 of 1st period - Deflect By Matt Ellison.
1:29 of 1st period - Shot Blocked by Ben Lovejoy.
2:00 of 1st period - Off-side.
2:01 of 1st period - Ryan Malone wins face-off versus Ryan Russell in neutral zone.
2:10 of 1st period - Kyle Beach is hit by Ryan Malone and loses puck.
2:31 of 1st period - Shot by Kyle Beach.
2:31 of 1st period - Stopped by Carey Price without a rebound.
2:32 of 1st period - Jiri Tlusty wins face-off versus Ville Leino in Canadiens zone.
2:59 of 1st period - Shot by Jiri Tlusty.
2:59 of 1st period - Shot Misses the Net.
3:01 of 1st period - Shot by Rene Bourque.
3:01 of 1st period - Stopped by Brian Eklund with a rebound.
3:03 of 1st period - Shot by Rene Bourque.
3:03 of 1st period - Shot Misses the Net.
3:26 of 1st period - Matt Carle is hit by Tomas Surovy and loses puck.
4:21 of 1st period - Mike Weaver is hit by Pascal Dupuis.
4:48 of 1st period - Off-side.
4:49 of 1st period - Jiri Tlusty wins face-off versus Matt Ellison in neutral zone.
5:04 of 1st period - Shot by Jiri Tlusty.
5:04 of 1st period - Shot Blocked by Barret Jackman.
5:16 of 1st period - Shot by Niklas Hagman.
5:16 of 1st period - Stopped by Carey Price with a rebound.
5:18 of 1st period - Shot by Matt Ellison.
5:18 of 1st period - Shot Blocked by Carl Gunnarsson.
5:20 of 1st period - Shot by Niklas Hagman.
5:20 of 1st period - Shot Misses the Net.
5:24 of 1st period - Shot by Jay Harrison.
5:24 of 1st period - Shot Blocked by Carl Gunnarsson.
5:43 of 1st period - Off-side.
5:44 of 1st period - T.J. Galiardi wins face-off versus Ryan Russell in neutral zone.
6:12 of 1st period - Shot by Viktor Tikhonov.
6:12 of 1st period - Deflect By Kyle Beach.
6:12 of 1st period - Shot Misses the Net.
6:23 of 1st period - Off-side.
6:24 of 1st period - Connor McDavid wins face-off versus Linus Omark in neutral zone.
7:32 of 1st period - Shot by Jiri Tlusty.
7:32 of 1st period - Stopped by Brian Eklund with a rebound.
7:54 of 1st period - Shot by Alexander Radulov.
7:54 of 1st period - Shot Misses the Net.
7:56 of 1st period - Shot by Carl Gunnarsson.
7:56 of 1st period - Stopped by Brian Eklund with a rebound.
7:58 of 1st period - Shot by Alexander Radulov.
7:58 of 1st period - Stopped by Brian Eklund without a rebound.
7:59 of 1st period - Ryan Russell wins face-off versus T.J. Galiardi in Golden Knights zone.
7:59 of 1st period - Ryan Russell is hit by Tomas Surovy.
8:17 of 1st period - Ryan Russell is hit by Ben Lovejoy and loses puck.
8:25 of 1st period - Icing by Jonathan Ericsson.
8:26 of 1st period - Ville Leino wins face-off versus T.J. Galiardi in Canadiens zone.
8:28 of 1st period - Joffrey Lupul is hit by Ben Lovejoy and loses puck.
8:44 of 1st period - Ville Leino is hit by Ben Lovejoy and loses puck.
8:51 of 1st period - Shot by Joffrey Lupul.
8:51 of 1st period - Stopped by Carey Price without a rebound.
8:52 of 1st period - Connor McDavid wins face-off versus Ryan Russell in Canadiens zone.
8:52 of 1st period - Connor McDavid is hit by Viktor Tikhonov.
8:55 of 1st period - Icing by Carl Gunnarsson.
8:56 of 1st period - Ryan Russell wins face-off versus Connor McDavid in Canadiens zone.
9:01 of 1st period - Shot by Ryan Russell.
9:01 of 1st period - Shot Blocked by Andrej Meszaros.
9:19 of 1st period - Shot by Ryan Russell.
9:19 of 1st period - Stopped by Carey Price without a rebound.
9:20 of 1st period - Matt Ellison wins face-off versus Jiri Tlusty in Canadiens zone.
9:20 of 1st period - Matt Carle is hit by Mark Borowiecki and loses puck.
9:24 of 1st period - Icing by Mark Borowiecki.
9:25 of 1st period - Jiri Tlusty wins face-off versus Mattias Ritola in Canadiens zone.
9:25 of 1st period - Jiri Tlusty is hit by Mattias Ritola.
9:39 of 1st period - Rene Bourque is hit by Mattias Ritola and loses puck.
9:49 of 1st period - Icing by Mark Borowiecki.
9:50 of 1st period - Matt Ellison wins face-off versus Jiri Tlusty in Canadiens zone.
9:51 of 1st period - Shot by Niklas Hagman.
9:51 of 1st period - Deflect By Guillaume Desbiens.
9:51 of 1st period - Shot Misses the Net.
10:53 of 1st period - Shot by Kyle Beach.
10:53 of 1st period - Stopped by Carey Price without a rebound.
10:54 of 1st period - Ville Leino wins face-off versus T.J. Galiardi in Canadiens zone.
10:54 of 1st period - Ville Leino is hit by Ben Lovejoy.
11:24 of 1st period - Shot by Joel Ward.
11:24 of 1st period - Stopped by Brian Eklund without a rebound.
11:25 of 1st period - Connor McDavid wins face-off versus Viktor Tikhonov in Golden Knights zone.
11:35 of 1st period - Off-side.
11:36 of 1st period - Matt Ellison wins face-off versus Ryan Malone in neutral zone.
11:53 of 1st period - Icing by Robbie Earl.
11:54 of 1st period - Ryan Russell wins face-off versus Ryan Malone in Canadiens zone.
12:11 of 1st period - Viktor Tikhonov is hit by Robbie Earl and loses puck.
13:02 of 1st period - Shot by Mattias Ritola.
13:02 of 1st period - Goal by Mattias Ritola - Canadiens : 0 - Golden Knights : 1.
13:03 of 1st period - Matt Ellison wins face-off versus T.J. Galiardi in neutral zone.
13:08 of 1st period - Shot by Niklas Hagman.
13:08 of 1st period - Shot Misses the Net.
13:10 of 1st period - Shot by Niklas Hagman.
13:10 of 1st period - Shot Misses the Net.
13:12 of 1st period - Shot by Niklas Hagman.
13:12 of 1st period - Stopped by Carey Price without a rebound.
13:13 of 1st period - Ville Leino wins face-off versus Rene Bourque in Canadiens zone.
13:38 of 1st period - Shot by Joffrey Lupul.
13:38 of 1st period - Stopped by Carey Price without a rebound.
13:39 of 1st period - Matt Ellison wins face-off versus Connor McDavid in Canadiens zone.
13:40 of 1st period - Shot by Guillaume Desbiens.
13:40 of 1st period - Stopped by Carey Price with a rebound.
13:50 of 1st period - Shot by Guillaume Desbiens.
13:50 of 1st period - Shot Misses the Net.
14:12 of 1st period - Shot by Niklas Hagman.
14:12 of 1st period - Stopped by Carey Price with a rebound.
14:16 of 1st period - Shot by Guillaume Desbiens.
14:16 of 1st period - Stopped by Carey Price without a rebound.
14:17 of 1st period - T.J. Galiardi wins face-off versus Ryan Russell in Canadiens zone.
14:17 of 1st period - T.J. Galiardi is hit by Viktor Tikhonov.
14:20 of 1st period - Icing by Joel Ward.
14:21 of 1st period - T.J. Galiardi wins face-off versus Ville Leino in Canadiens zone.
14:21 of 1st period - Mark Stuart is hit by Mattias Ritola and loses puck.
14:57 of 1st period - T.J. Galiardi is hit by Mattias Ritola and loses puck.
14:58 of 1st period - Minor Penalty to Mattias Ritola for Elbowing.
14:59 of 1st period - Ryan Russell wins face-off versus Jiri Tlusty in Golden Knights zone.
16:12 of 1st period - Shot by Mark Stuart.
16:12 of 1st period - Stopped by Brian Eklund with a rebound.
16:14 of 1st period - Shot by Mark Stuart.
16:14 of 1st period - Shot Misses the Net.
16:16 of 1st period - Shot by Ben Lovejoy.
16:16 of 1st period - Shot Blocked by Mike Weaver.
16:18 of 1st period - Shot by Mark Stuart.
16:18 of 1st period - Stopped by Brian Eklund without a rebound.
16:19 of 1st period - Jiri Tlusty wins face-off versus Viktor Tikhonov in Golden Knights zone.
17:13 of 1st period - Robbie Earl is hit by Matt Greene and loses puck.
17:17 of 1st period - Andy Hilbert is hit by Matt Greene and loses puck.
17:51 of 1st period - Icing by Joffrey Lupul.
17:52 of 1st period - Ville Leino wins face-off versus T.J. Galiardi in Golden Knights zone.
18:17 of 1st period - Shot by Tomas Surovy.
18:17 of 1st period - Shot Hit the Post.
18:19 of 1st period - Shot by Mark Stuart.
18:19 of 1st period - Shot Misses the Net.
18:31 of 1st period - Shot by Tomas Surovy.
18:31 of 1st period - Deflect By Joel Ward.
18:31 of 1st period - Stopped by Brian Eklund without a rebound.
18:32 of 1st period - Connor McDavid wins face-off versus Niklas Hagman in Golden Knights zone.
18:32 of 1st period - Darren Helm is hit by Josh Gorges and loses puck.
18:49 of 1st period - Andrej Meszaros is hit by Guillaume Desbiens and loses puck.
19:39 of 1st period - Kyle Beach is hit by Ben Lovejoy and loses puck.
19:48 of 1st period - Shot by Viktor Tikhonov.
19:48 of 1st period - Shot Blocked by Ben Lovejoy.
19:59 of 1st period - Alexander Radulov is hit by Barret Jackman and loses puck.
Goals for this period are 0 for Canadiens vs 1 for Golden Knights.
Shots for this period are 8 for Canadiens vs 11 for Golden Knights.

2nd period


0:01 of 2nd period - Ryan Russell wins face-off versus Connor McDavid in neutral zone.
0:20 of 2nd period - Shot by Connor McDavid.
0:20 of 2nd period - Shot Misses the Net.
0:25 of 2nd period - Off-side.
0:26 of 2nd period - Rene Bourque wins face-off versus Matt Ellison in neutral zone.
0:37 of 2nd period - Minor Penalty to Guillaume Desbiens for High sticking.
0:38 of 2nd period - Ryan Russell wins face-off versus Tomas Surovy in Golden Knights zone.
1:40 of 2nd period - Shot by Ben Lovejoy.
1:40 of 2nd period - Stopped by Brian Eklund without a rebound.
1:41 of 2nd period - Jiri Tlusty wins face-off versus Viktor Tikhonov in Golden Knights zone.
1:48 of 2nd period - Shot by Jiri Tlusty.
1:48 of 2nd period - Shot Misses the Net.
1:50 of 2nd period - Shot by Darren Helm.
1:50 of 2nd period - Goal by Darren Helm - Canadiens : 1 - Golden Knights : 1.
1:51 of 2nd period - Ryan Malone wins face-off versus Matt Ellison in neutral zone.
1:51 of 2nd period - Robbie Earl is hit by Guillaume Desbiens and loses puck.
1:57 of 2nd period - Minor Penalty to Josh Gorges for Goalie Interference.
1:58 of 2nd period - Ryan Russell wins face-off versus Jiri Tlusty in Golden Knights zone.
2:07 of 2nd period - Shot by Ben Lovejoy.
2:07 of 2nd period - Shot Blocked by David Perron.
2:29 of 2nd period - Shot by Darren Helm.
2:29 of 2nd period - Shot Misses the Net.
3:09 of 2nd period - Shot by Tomas Surovy.
3:09 of 2nd period - Goal by Tomas Surovy - Canadiens : 2 - Golden Knights : 1.
3:10 of 2nd period - Ryan Malone wins face-off versus Ville Leino in neutral zone.
3:29 of 2nd period - Shot by Robbie Earl.
3:29 of 2nd period - Shot Misses the Net.
3:31 of 2nd period - Shot by Ryan Malone.
3:31 of 2nd period - Shot Blocked by Josh Gorges.
3:43 of 2nd period - Shot by Robbie Earl.
3:43 of 2nd period - Shot Misses the Net.
3:45 of 2nd period - Shot by Ryan Malone.
3:45 of 2nd period - Goal by Ryan Malone - Canadiens : 3 - Golden Knights : 1.
3:46 of 2nd period - Matt Ellison wins face-off versus Joel Ward in neutral zone.
3:53 of 2nd period - Shot by Matt Ellison.
3:53 of 2nd period - Shot Misses the Net.
3:58 of 2nd period - Carl Gunnarsson is hit by Guillaume Desbiens and loses puck.
4:02 of 2nd period - Minor Penalty to Guillaume Desbiens for Hooking.
4:03 of 2nd period - Jiri Tlusty wins face-off versus Ryan Russell in Golden Knights zone.
6:02 of 2nd period - Shot by Pascal Dupuis.
6:02 of 2nd period - Shot Misses the Net.
6:10 of 2nd period - Shot by Robbie Earl.
6:10 of 2nd period - Stopped by Brian Eklund without a rebound.
6:11 of 2nd period - Ville Leino wins face-off versus Ryan Malone in Golden Knights zone.
6:46 of 2nd period - Shot by Andy Hilbert.
6:46 of 2nd period - Shot Misses the Net.
7:25 of 2nd period - Matt Carle is hit by Tomas Surovy and loses puck.
7:36 of 2nd period - Shot by Matt Ellison.
7:36 of 2nd period - Shot Blocked by Mark Borowiecki.
7:39 of 2nd period - Icing by Mark Stuart.
7:40 of 2nd period - T.J. Galiardi wins face-off versus Ryan Russell in Canadiens zone.
8:02 of 2nd period - Icing by Andrej Meszaros.
8:03 of 2nd period - Ville Leino wins face-off versus Connor McDavid in Canadiens zone.
8:26 of 2nd period - Shot by Mattias Ritola.
8:26 of 2nd period - Deflect By Ville Leino.
8:26 of 2nd period - Stopped by Carey Price without a rebound.
8:27 of 2nd period - Jiri Tlusty wins face-off versus Ryan Russell in Canadiens zone.
8:55 of 2nd period - Shot by Ryan Russell.
8:55 of 2nd period - Shot Misses the Net.
9:30 of 2nd period - Viktor Tikhonov is hit by Pascal Dupuis and loses puck.
9:35 of 2nd period - Shot by Pascal Dupuis.
9:35 of 2nd period - Stopped by Brian Eklund without a rebound.
9:36 of 2nd period - Matt Ellison wins face-off versus T.J. Galiardi in Golden Knights zone.
9:56 of 2nd period - Tomas Surovy is hit by Guillaume Desbiens and loses puck.
10:03 of 2nd period - Shot by Barret Jackman.
10:03 of 2nd period - Shot Hit the Post.
10:06 of 2nd period - Icing by Mark Borowiecki.
10:07 of 2nd period - Mattias Ritola wins face-off versus T.J. Galiardi in Canadiens zone.
10:11 of 2nd period - Icing by Mark Borowiecki.
10:12 of 2nd period - T.J. Galiardi wins face-off versus Ville Leino in Canadiens zone.
10:12 of 2nd period - T.J. Galiardi is hit by Mattias Ritola.
11:35 of 2nd period - Niklas Hagman is hit by Rene Bourque and loses puck.
12:53 of 2nd period - Icing by Matt Greene.
12:54 of 2nd period - Ryan Russell wins face-off versus Tomas Surovy in Golden Knights zone.
12:54 of 2nd period - Kyle Beach is hit by Tomas Surovy and loses puck.
13:41 of 2nd period - Shot by Matt Ellison.
13:41 of 2nd period - Stopped by Carey Price without a rebound.
13:42 of 2nd period - Ville Leino wins face-off versus Connor McDavid in Canadiens zone.
13:53 of 2nd period - Shot by Joffrey Lupul.
13:53 of 2nd period - Shot Blocked by Andrej Meszaros.
13:56 of 2nd period - Icing by Carl Gunnarsson.
13:57 of 2nd period - Connor McDavid wins face-off versus Matt Ellison in Canadiens zone.
14:02 of 2nd period - Shot by Pascal Dupuis.
14:02 of 2nd period - Shot Blocked by Matt Carle.
14:22 of 2nd period - Shot by Guillaume Desbiens.
14:22 of 2nd period - Stopped by Carey Price without a rebound.
14:23 of 2nd period - Ryan Malone wins face-off versus Ville Leino in Canadiens zone.
15:03 of 2nd period - Andy Hilbert is hit by Jay Harrison and loses puck.
15:09 of 2nd period - Icing by Joffrey Lupul.
15:10 of 2nd period - Ville Leino wins face-off versus Connor McDavid in Golden Knights zone.
15:10 of 2nd period - Ville Leino is hit by Pascal Dupuis.
15:52 of 2nd period - Shot by Guillaume Desbiens.
15:52 of 2nd period - Goal by Guillaume Desbiens - Canadiens : 3 - Golden Knights : 2.
15:53 of 2nd period - Ryan Russell wins face-off versus Jiri Tlusty in neutral zone.
15:53 of 2nd period - Kyle Beach is hit by Rene Bourque and loses puck.
16:55 of 2nd period - Shot by T.J. Galiardi.
16:55 of 2nd period - Shot Misses the Net.
16:57 of 2nd period - Shot by T.J. Galiardi.
16:57 of 2nd period - Stopped by Brian Eklund without a rebound.
16:58 of 2nd period - Connor McDavid wins face-off versus Matt Ellison in Golden Knights zone.
17:24 of 2nd period - Shot by Darren Helm.
17:24 of 2nd period - Deflect By Pascal Dupuis.
17:24 of 2nd period - Shot Hit the Post.
17:26 of 2nd period - Shot by Andrej Meszaros.
17:26 of 2nd period - Shot Blocked by Josh Gorges.
17:35 of 2nd period - Icing by Guillaume Desbiens.
17:36 of 2nd period - Matt Ellison wins face-off versus T.J. Galiardi in Golden Knights zone.
17:44 of 2nd period - Minor Penalty to Josh Gorges for Roughing.
17:45 of 2nd period - Ryan Russell wins face-off versus Connor McDavid in Golden Knights zone.
17:45 of 2nd period - Ryan Russell is hit by Tomas Surovy.
17:56 of 2nd period - Off-side.
17:57 of 2nd period - Jiri Tlusty wins face-off versus Ryan Russell in neutral zone.
18:02 of 2nd period - Shot by Darren Helm.
18:02 of 2nd period - Shot Misses the Net.
18:12 of 2nd period - Shot by Andrej Meszaros.
18:12 of 2nd period - Shot Misses the Net.
18:16 of 2nd period - Shot by Jiri Tlusty.
18:16 of 2nd period - Stopped by Brian Eklund without a rebound.
18:17 of 2nd period - Ryan Russell wins face-off versus Connor McDavid in Golden Knights zone.
19:22 of 2nd period - Shot by Pascal Dupuis.
19:22 of 2nd period - Shot Blocked by Barret Jackman.
19:32 of 2nd period - Shot by Ryan Russell.
19:32 of 2nd period - Shot Misses the Net.
19:57 of 2nd period - Off-side.
19:58 of 2nd period - Matt Ellison wins face-off versus T.J. Galiardi in neutral zone.
Goals for this period are 3 for Canadiens vs 1 for Golden Knights.
Shots for this period are 8 for Canadiens vs 4 for Golden Knights.

3rd period


0:01 of 3rd period - Connor McDavid wins face-off versus Matt Ellison in neutral zone.
0:05 of 3rd period - Off-side.
0:06 of 3rd period - T.J. Galiardi wins face-off versus Matt Ellison in neutral zone.
0:11 of 3rd period - Shot by Joel Ward.
0:11 of 3rd period - Shot Blocked by Josh Gorges.
0:13 of 3rd period - Shot by T.J. Galiardi.
0:13 of 3rd period - Shot Misses the Net.
0:24 of 3rd period - Shot by Tomas Surovy.
0:24 of 3rd period - Goal by Tomas Surovy - Canadiens : 4 - Golden Knights : 2.
0:25 of 3rd period - Ryan Russell wins face-off versus Connor McDavid in neutral zone.
0:46 of 3rd period - Shot by Ryan Russell.
0:46 of 3rd period - Deflect By Viktor Tikhonov.
0:46 of 3rd period - Shot Misses the Net.
0:48 of 3rd period - Shot by Barret Jackman.
0:48 of 3rd period - Stopped by Carey Price without a rebound.
0:49 of 3rd period - T.J. Galiardi wins face-off versus Matt Ellison in Canadiens zone.
1:00 of 3rd period - Shot by Joel Ward.
1:00 of 3rd period - Stopped by Brian Eklund without a rebound.
1:01 of 3rd period - Ville Leino wins face-off versus Jiri Tlusty in Golden Knights zone.
1:01 of 3rd period - Ville Leino is hit by Rene Bourque.
1:51 of 3rd period - Connor McDavid is hit by Jay Harrison and loses puck.
2:02 of 3rd period - Off-side.
2:03 of 3rd period - Matt Ellison wins face-off versus T.J. Galiardi in neutral zone.
2:11 of 3rd period - Shot by T.J. Galiardi.
2:11 of 3rd period - Stopped by Brian Eklund with a rebound.
2:25 of 3rd period - Shot by Niklas Hagman.
2:25 of 3rd period - Stopped by Carey Price without a rebound.
2:26 of 3rd period - Ryan Russell wins face-off versus Connor McDavid in Canadiens zone.
2:27 of 3rd period - Shot by Viktor Tikhonov.
2:27 of 3rd period - Shot Blocked by Jonathan Ericsson.
2:39 of 3rd period - Shot by Darren Helm.
2:39 of 3rd period - Stopped by Brian Eklund without a rebound.
2:40 of 3rd period - T.J. Galiardi wins face-off versus Matt Ellison in Golden Knights zone.
2:57 of 3rd period - Shot by T.J. Galiardi.
2:57 of 3rd period - Stopped by Brian Eklund without a rebound.
2:58 of 3rd period - Connor McDavid wins face-off versus Ryan Russell in Golden Knights zone.
3:52 of 3rd period - Kyle Beach is hit by Tomas Surovy.
4:00 of 3rd period - Jay Harrison is hit by Tomas Surovy and loses puck.
4:26 of 3rd period - Shot by Guillaume Desbiens.
4:26 of 3rd period - Shot Misses the Net.
4:28 of 3rd period - Shot by Josh Gorges.
4:28 of 3rd period - The goal is going for a video replay.
4:28 of 3rd period - The goal is good.
4:28 of 3rd period - Goal by Josh Gorges - Canadiens : 4 - Golden Knights : 3.
4:29 of 3rd period - Alexander Radulov wins face-off versus Mattias Ritola in neutral zone.
4:29 of 3rd period - Alexander Radulov is hit by Joffrey Lupul.
4:37 of 3rd period - Shot by Jiri Tlusty.
4:37 of 3rd period - Stopped by Brian Eklund without a rebound.
4:38 of 3rd period - Jiri Tlusty wins face-off versus Matt Ellison in Golden Knights zone.
4:46 of 3rd period - Icing by Niklas Hagman.
4:47 of 3rd period - Matt Ellison wins face-off versus Connor McDavid in Golden Knights zone.
4:56 of 3rd period - Off-side.
4:57 of 3rd period - Jiri Tlusty wins face-off versus Ville Leino in neutral zone.
5:25 of 3rd period - Joffrey Lupul is hit by Rene Bourque and loses puck.
5:36 of 3rd period - Shot by Jiri Tlusty.
5:36 of 3rd period - Stopped by Brian Eklund without a rebound.
5:37 of 3rd period - Matt Ellison wins face-off versus Connor McDavid in Golden Knights zone.
5:37 of 3rd period - Matt Ellison is hit by Pascal Dupuis.
5:50 of 3rd period - Pascal Dupuis is hit by Barret Jackman.
5:54 of 3rd period - Shot by Connor McDavid.
5:54 of 3rd period - Shot Blocked by Barret Jackman.
5:56 of 3rd period - Shot by Carl Gunnarsson.
5:56 of 3rd period - Shot Blocked by Guillaume Desbiens.
6:33 of 3rd period - Minor Penalty to Ben Lovejoy for Holding.
6:34 of 3rd period - T.J. Galiardi wins face-off versus Ville Leino in Canadiens zone.
6:34 of 3rd period - T.J. Galiardi is hit by Mattias Ritola.
7:04 of 3rd period - Shot by Mattias Ritola.
7:04 of 3rd period - Shot Misses the Net.
7:06 of 3rd period - Shot by Matt Carle.
7:06 of 3rd period - Shot Misses the Net.
7:08 of 3rd period - Shot by Josh Gorges.
7:08 of 3rd period - Stopped by Carey Price with a rebound.
7:10 of 3rd period - Shot by Matt Carle.
7:10 of 3rd period - Shot Blocked by Jonathan Ericsson.
7:12 of 3rd period - Shot by Josh Gorges.
7:12 of 3rd period - Stopped by Carey Price with a rebound.
7:14 of 3rd period - Shot by Joffrey Lupul.
7:14 of 3rd period - Stopped by Carey Price without a rebound.
7:15 of 3rd period - T.J. Galiardi wins face-off versus Matt Ellison in Canadiens zone.
7:58 of 3rd period - Niklas Hagman is hit by Andrej Meszaros and loses puck.
8:27 of 3rd period - Shot by Joffrey Lupul.
8:27 of 3rd period - Stopped by Carey Price without a rebound.
8:28 of 3rd period - Ville Leino wins face-off versus Andy Hilbert in Canadiens zone.
8:37 of 3rd period - Shot by Kyle Beach.
8:37 of 3rd period - Shot Misses the Net.
8:59 of 3rd period - Shot by Viktor Tikhonov.
8:59 of 3rd period - Stopped by Carey Price without a rebound.
9:00 of 3rd period - Tomas Tatar wins face-off versus Ryan Malone in Canadiens zone.
9:19 of 3rd period - Mark Stuart is hit by Jay Harrison and loses puck.
9:40 of 3rd period - Shot by Robbie Earl.
9:40 of 3rd period - Stopped by Brian Eklund without a rebound.
9:41 of 3rd period - Ville Leino wins face-off versus T.J. Galiardi in Golden Knights zone.
10:05 of 3rd period - Shot by Ville Leino.
10:05 of 3rd period - Shot Misses the Net.
10:13 of 3rd period - Shot by Joffrey Lupul.
10:13 of 3rd period - Stopped by Carey Price without a rebound.
10:14 of 3rd period - Jiri Tlusty wins face-off versus Matt Ellison in Canadiens zone.
10:16 of 3rd period - Minor Penalty to Jiri Tlusty for Holding.
10:17 of 3rd period - T.J. Galiardi wins face-off versus Matt Ellison in Canadiens zone.
10:42 of 3rd period - Shot by Niklas Hagman.
10:42 of 3rd period - Shot Misses the Net.
10:44 of 3rd period - Shot by Josh Gorges.
10:44 of 3rd period - Stopped by Carey Price without a rebound.
10:45 of 3rd period - Joffrey Lupul wins face-off versus Andy Hilbert in Canadiens zone.
11:12 of 3rd period - Shot by Ville Leino.
11:12 of 3rd period - Stopped by Carey Price without a rebound.
11:13 of 3rd period - Matt Ellison wins face-off versus Andy Hilbert in Canadiens zone.
11:41 of 3rd period - Shot by Niklas Hagman.
11:41 of 3rd period - Deflect By Matt Ellison.
11:41 of 3rd period - Shot Misses the Net.
11:43 of 3rd period - Shot by Josh Gorges.
11:43 of 3rd period - Stopped by Carey Price without a rebound.
11:44 of 3rd period - Ville Leino wins face-off versus Andy Hilbert in Canadiens zone.
14:11 of 3rd period - Shot by Joffrey Lupul.
14:11 of 3rd period - Shot Blocked by Pascal Dupuis.
14:13 of 3rd period - Shot by Jay Harrison.
14:13 of 3rd period - Shot Blocked by Ben Lovejoy.
15:03 of 3rd period - Shot by T.J. Galiardi.
15:03 of 3rd period - Stopped by Brian Eklund without a rebound.
15:04 of 3rd period - Ryan Russell wins face-off versus Rene Bourque in Golden Knights zone.
15:04 of 3rd period - Kyle Beach is hit by Rene Bourque and loses puck.
15:21 of 3rd period - Shot by Jiri Tlusty.
15:21 of 3rd period - Shot Blocked by Matt Greene.
15:23 of 3rd period - Shot by Jiri Tlusty.
15:23 of 3rd period - Shot Misses the Net.
15:25 of 3rd period - Shot by Alexander Radulov.
15:25 of 3rd period - Stopped by Brian Eklund without a rebound.
15:26 of 3rd period - Matt Ellison wins face-off versus Andy Hilbert in Golden Knights zone.
15:26 of 3rd period - Matt Ellison is hit by Ryan Malone.
15:34 of 3rd period - Shot by Robbie Earl.
15:34 of 3rd period - Stopped by Brian Eklund without a rebound.
15:35 of 3rd period - T.J. Galiardi wins face-off versus Matt Ellison in Golden Knights zone.
16:11 of 3rd period - Shot by Niklas Hagman.
16:11 of 3rd period - Shot Blocked by Joel Ward.
16:43 of 3rd period - Shot by Alexander Radulov.
16:43 of 3rd period - Stopped by Brian Eklund with a rebound.
16:51 of 3rd period - Shot by Jiri Tlusty.
16:51 of 3rd period - Shot Misses the Net.
16:53 of 3rd period - Shot by Rene Bourque.
16:53 of 3rd period - Shot Blocked by Jay Harrison.
16:55 of 3rd period - Shot by Rene Bourque.
16:55 of 3rd period - Shot Blocked by Jay Harrison.
17:01 of 3rd period - Shot by Alexander Radulov.
17:01 of 3rd period - Deflect By Jiri Tlusty.
17:01 of 3rd period - Stopped by Brian Eklund without a rebound.
17:02 of 3rd period - Kyle Beach wins face-off versus Ryan Malone in Golden Knights zone.
17:02 of 3rd period - Kyle Beach is hit by Robbie Earl.
17:15 of 3rd period - Mike Weaver is hit by Ryan Malone and loses puck.
17:38 of 3rd period - Shot by Kyle Beach.
17:38 of 3rd period - Shot Blocked by Andy Hilbert.
17:40 of 3rd period - Shot by Viktor Tikhonov.
17:40 of 3rd period - Stopped by Carey Price without a rebound.
17:41 of 3rd period - T.J. Galiardi wins face-off versus Joffrey Lupul in Canadiens zone.
17:41 of 3rd period - T.J. Galiardi is hit by Mattias Ritola.
17:49 of 3rd period - Shot by Mattias Ritola.
17:49 of 3rd period - Deflect By Joffrey Lupul.
17:49 of 3rd period - Shot Misses the Net.
17:51 of 3rd period - Shot by Barret Jackman.
17:51 of 3rd period - Shot Misses the Net.
17:53 of 3rd period - Shot by Barret Jackman.
17:53 of 3rd period - Stopped by Carey Price with a rebound.
17:55 of 3rd period - Shot by Barret Jackman.
17:55 of 3rd period - Shot Blocked by Mark Stuart.
17:57 of 3rd period - Shot by Ville Leino.
17:57 of 3rd period - Stopped by Carey Price without a rebound.
17:58 of 3rd period - Matt Ellison wins face-off versus Jiri Tlusty in Canadiens zone.
18:02 of 3rd period - Icing by Jiri Tlusty.
18:03 of 3rd period - Jiri Tlusty wins face-off versus Matt Ellison in Canadiens zone.
18:03 of 3rd period - Jiri Tlusty is hit by Guillaume Desbiens.
18:22 of 3rd period - Off-side.
18:23 of 3rd period - T.J. Galiardi wins face-off versus Ryan Russell in neutral zone.
18:32 of 3rd period - Shot by Mark Stuart.
18:32 of 3rd period - Shot Misses the Net.
18:49 of 3rd period - Off-side.
18:50 of 3rd period - Jiri Tlusty wins face-off versus Matt Ellison in neutral zone.
18:59 of 3rd period - Shot by Jonathan Ericsson.
18:59 of 3rd period - Stopped by Brian Eklund with a rebound.
19:29 of 3rd period - Shot by Jiri Tlusty.
19:29 of 3rd period - Shot Misses the Net.
19:51 of 3rd period - Shot by Andrej Meszaros.
19:51 of 3rd period - Shot Misses the Net.
19:55 of 3rd period - Shot by Darren Helm.
19:55 of 3rd period - Shot Misses the Net.
19:57 of 3rd period - Shot by T.J. Galiardi.
19:57 of 3rd period - Stopped by Brian Eklund with a rebound.
19:59 of 3rd period - Shot by T.J. Galiardi.
19:59 of 3rd period - Stopped by Brian Eklund without a rebound.
Goals for this period are 1 for Canadiens vs 1 for Golden Knights.
Shots for this period are 16 for Canadiens vs 15 for Golden Knights.